 Dungeon Crawl Stone Soup version 0.18-a0-1774-gce1f7b6 (webtiles) character file.

95515 Ijustatesigmund the Brawler (level 15, 0/152 HPs)
             Began as a Troll Hunter on Apr 15, 2016.
             Was a High Priest of Okawaru.
             Killed from afar by a shock serpent (13 damage)
             ... with a bolt of electricity
             ... on level 2 of the Snake Pit.
             The game lasted 03:41:54 (21416 turns).

Ijustatesigmund the Brawler (Troll Hunter)         Turns: 21416, Time: 03:41:54

Health: 0/152      AC: 26    Str: 24    XL:     15   Next: 66%
Magic:  0/28       EV: 12    Int:  7    God:    Okawaru [*****.]
Gold:   1720       SH:  0    Dex: 15    Spells: 4 memorised, 6 levels left

rFire  . . .     SeeInvis .       - Unarmed
rCold  + + +     Gourm    +     D - +3 ice dragon armour
rNeg   . . .     Faith    .     (no shield)
rPois  .         Spirit   +     (helmet restricted)
rElec  .         Dismiss  .     V - +2 cloak {MR+}
rCorr  .         Reflect  .     (gloves unavailable)
SustAt .         Harm     .     (boots unavailable)
MR     ++...                    M - amulet "Waleol" {Spirit rC++ MP+9}
Stlth  ..........               y - +5 ring of protection
                                p - ring of protection from fire

@: lethally poisoned (0 -> -3), very resistant to hostile enchantments,
extremely unstealthy
A: unfitting armour, claws 3, fast metabolism 3, gourmand, regeneration 2,
shaggy fur 1, tough skin 2
a: Heroism, Finesse, Renounce Religion


You were on level 2 of the Snake Pit.
You worshipped Okawaru.
Okawaru was extremely pleased with you.
You were not hungry.

You visited 4 branches of the dungeon, and saw 24 of its levels.
You also visited: Labyrinth and Sewer.

You collected 1720 gold pieces.

Inventory:

Hand Weapons
 X - a +1 vampiric demon whip
Missiles
 d - 2 throwing nets
 j - 14 large rocks (quivered)
 q - 11 javelins of penetration
 E - 10 steel javelins
Armour
 D - a +3 ice dragon armour (worn)
 V - a +2 cloak of magic resistance (worn)
Jewellery
 b - an uncursed amulet of harm
 o - an uncursed ring of protection from fire
 p - a ring of protection from fire (left claw)
 t - an uncursed ring of poison resistance
 y - a +5 ring of protection (right claw)
 K - an uncursed ring of stealth {unknown}
 M - the amulet "Waleol" (around neck) {Spirit rC++ MP+9}
   (You found it on level 7 of the Dungeon)

   [amulet of guardian spirit]

   It causes incoming damage to be split between your health and magic.
   It greatly protects you from cold.
   It affects your magic capacity (+9).
 R - an uncursed amulet of faith
 S - an uncursed ring of resist corrosion
 Y - an uncursed ring of positive energy
 Z - an uncursed ring of see invisible
Wands
 n - a wand of digging (13/24)
 r - a wand of heal wounds (7/9)
 w - a wand of hasting (4/9)
 H - a wand of random effects (35/48)
 J - a wand of iceblast (9/15)
 N - a wand of lightning (9/15)
Scrolls
 a - 2 scrolls of immolation
 g - 11 scrolls of remove curse
 h - 4 scrolls of fear
 k - 2 scrolls of fog
 F - 2 scrolls of amnesia
 G - 7 scrolls of blinking
 I - 2 scrolls of silence
 O - 4 scrolls of magic mapping
 T - 4 scrolls of teleportation
Potions
 c - 2 potions of cancellation
 e - 3 potions of heal wounds
 l - 3 potions of agility
 m - 7 potions of brilliance
 u - 9 potions of curing
 v - 2 potions of magic
 z - 4 potions of ambrosia
 A - 9 potions of flight
 B - 2 potions of resistance
 L - a potion of invisibility
 Q - 5 potions of haste
Books
 C - a book of Transfigurations

   Spells                             Type                      Level
   a - Irradiate                      Conjuration/Transmutation    5
   b - Statue Form                    Transmutation/Earth          6
   c - Hydra Form                     Transmutation                6
   d - Dragon Form                    Transmutation                7
Comestibles
 f - 12 bread rations
 i - a beef jerky
 s - 9 fruits
 x - 8 meat rations


   Skills:
 - Level 10.4 Fighting
 - Level 6.2 Maces & Flails
 - Level 7.8 Throwing
 - Level 6.8 Armour
 - Level 8.2 Dodging
 - Level 0.4 Stealth
 - Level 15.4 Unarmed Combat
 + Level 1.9 Conjurations
 + Level 1.7 Hexes
 + Level 2.0 Summonings
 + Level 1.8 Translocations
 - Level 9.4 Fire Magic
 - Level 7.0 Invocations


You had 6 spell levels left.
You knew the following spells:

 Your Spells              Type           Power        Failure   Level  Hunger
a - Inner Flame           Hex/Fire       #.......     38%         3    ####...
b - Summon Butterflies    Summ           #.......     56%         1    ##.....
c - Apportation           Tloc           #.........   69%         1    ##.....
d - Conjure Flame         Conj/Fire      #.......     38%         3    ####...


Dungeon Overview and Level Annotations

Branches:
Dungeon (13/15)            Temple (0/1) D:6            Lair (8/8) D:8
 Shoals (0/4) Lair:3        Snake (2/4) Lair:6        Slime (0/6) Lair:7
    Orc (1/2) D:11         Vaults (0/5) D:13

Altars:
Ashenzari
Kikubaaqudgha
Makhleb
Nemelex Xobeh
Okawaru
Ru
Trog
Vehumet
Yredelemnul
Zin
The Shining One
Jiyva

Shops:
D:8 :   D:12 (

Portals:
Hell: Lair:8

Annotations:
Orc:1 Erica


Innate Abilities, Weirdness & Mutations

You are too large for most types of armour.
You have claws for hands.
Your metabolism is lightning-fast.
You like to eat raw meat.
You heal very quickly.
You are covered in fur (AC +1).
You have very tough skin (AC +2).


Message History

The shock serpent is heavily wounded.
The shock serpent's electric aura discharges, shocking you!
You feel sick. The naga mage spits poison at you.
The splash of poison hits you!
You are more poisoned.
The shock serpent bites you!
* * * LOW HITPOINT WARNING * * *
The shock serpent shocks you!
* * * LOW HITPOINT WARNING * * *
You mangle the shock serpent!!
The shock serpent is almost dead.
The shock serpent's electric aura discharges, shocking you!
* * * LOW HITPOINT WARNING * * *
You feel sick.
The shock serpent shoots out a bolt of lightning at you!
The bolt of electricity hits you!
* * * LOW HITPOINT WARNING * * *
The bolt of electricity hits you!
You die...

#.. .. .....
###..#.##.....
.......N... .....NN
#... ##'#.## #....
#...†.# #.....
#.....#
.....##..⌠..##.....#
#..⌠..#.....#@S⌠..##
#.....#.....#)....#
#.......⌠.......##
#.............##
#..⌠..>..⌠.)##
#.÷.......##
#.÷.⌠.!.## ##.....##
###'###


You could see a shock serpent, a naga mage and 2 nagas.

Vanquished Creatures
  Rupert (D:13)
  Gastronok (D:12)
  Kirke (D:12)
  Roxanne (Snake:2)
  A war gargoyle (D:12)
  A dire elephant (Lair:8)
  A minotaur (Lab)
  A naga warrior (Snake:1)
  Fannar (D:10)
  The ghost of Ijustatesigmund the Grappler, a novice TrHu of Okawaru (D:10)
  8 hydras
  A catoblepas (Lair:5)
  9 death yaks
  An ogre mage (D:13)
  Urug (D:10)
  The ghost of namelastname112 the Covert, a journeyman VSAs of Dithmenos (D:12)
  An orc high priest (Orc:1)
  A shock serpent (Snake:1)
  A sun demon (Lair:8)
  Sonja (D:12)
  2 naga sharpshooters (Snake:1)
  A wizard (Lair:8)
  2 griffons
  An ugly thing (D:12)
  3 cyclopes
  2 manticores
  A salamander (Snake:2)
  8 elephants (Lair:4)
  14 black mambas
  5 naga magi
  9 gargoyles
  20 spiny frogs
  2 centaur zombies
  A torpor snail (Lair:5)
  6 orange demons (Lair:8)
  Joseph (D:9)
  A kobold demonologist (D:13)
  A smoke demon (Lair:8)
  2 ice devils (Lair:8)
  12 komodo dragons
  5 rime drakes
  3 yaktaurs (D:11)
  A hellwing (Lair:8)
  2 red devils (Lair:8)
  3 polar bears
  2 trolls
  7 two-headed ogres
  15 blink frogs
  A boulder beetle (Lair:8)
  Sigmund (D:2)
  A wraith (D:9)
  A wyvern (Lair:8)
  A water elemental (D:11)
  73 yaks
  3 hogs (D:12)
  12 hippogriffs
  3 basilisks
  A steam dragon (Lair:8)
  3 hungry ghosts
  A mottled dragon (D:11)
  11 nagas
  16 water moccasins
  13 porcupines
  3 black bears
  5 orc warriors
  7 ice beasts
  2 sky beasts
  An eye of draining (D:12)
  5 ogres
  A necrophage (D:10)
  11 wolves
  8 centaurs
  17 crocodiles
  24 giant frogs
  3 big kobolds
  A scorpion (D:9)
  2 wyvern skeletons
  13 howler monkeys
  3 killer bees (D:10)
  14 wights
  A troll skeleton (D:11)
  10 electric eels
  4 spriggan skeletons (D:11)
  6 crimson imps
  A giant frog zombie (D:6)
  A wyvern simulacrum (D:8)
  A jelly (D:12)
  2 quasits
  4 centaur skeletons
  Crazy Yiuf (D:2)
  7 orc priests
  A gnoll shaman (D:7)
  10 hounds
  13 orc wizards
  4 giant frog skeletons
  20 iguanas
  Natasha (D:2)
  A hell rat (Lair:7)
  9 worker ants
  39 sheep
  A hound zombie (D:4)
  2 hound skeletons
  2 worker ant zombies
  6 gnolls
  A howler monkey skeleton (D:5)
  16 adders
  58 river rats
  A shadow imp (D:6)
  4 white imps (D:8)
  2 ufetubi (D:8)
  2 oozes
  An adder zombie (D:5)
  4 worms
  3 dart slugs
  5 giant geckos
  60 orcs
  6 giant cockroaches
  12 goblins
  14 hobgoblins
  8 jackals
  6 quokkas
  3 ball pythons
  5 bats
  A giant gecko simulacrum (D:8)
  A giant gecko skeleton (D:7)
  3 giant newts
  A jackal zombie (D:6)
  26 kobolds
  A quokka skeleton (D:7)
  18 rats
  2 butterflies
  A fungus (Lair:3)
  3 plants
843 creatures vanquished.

Vanquished Creatures (others)
  A hound (D:13)
  7 fungi
  6 plants
14 creatures vanquished.

Grand Total: 857 creatures vanquished

Notes
Turn   | Place    | Note
--------------------------------------------------------------
     0 | D:1      | Ijustatesigmund the Troll Hunter began the quest for the Orb.
     0 | D:1      | Reached XP level 1. HP: 19/19 MP: 0/0
   212 | D:1      | Reached XP level 2. HP: 27/28 MP: 1/1
   311 | D:1      | Reached skill level 1 in Unarmed Combat
   934 | D:2      | Noticed Sigmund
   937 | D:2      | Killed Sigmund
   937 | D:2      | Reached skill level 3 in Unarmed Combat
   937 | D:2      | Reached XP level 3. HP: 37/37 MP: 2/2
   937 | D:2      | Reached XP level 4. HP: 45/45 MP: 3/3
   937 | D:2      | Reached XP level 5. HP: 53/53 MP: 4/4
  1417 | D:2      | Noticed Natasha
  1419 | D:2      | Killed Natasha
  1449 | D:2      | Noticed Crazy Yiuf
  1453 | D:2      | Killed Crazy Yiuf
  1453 | D:2      | Reached skill level 4 in Unarmed Combat
  1453 | D:2      | Reached XP level 6. HP: 62/62 MP: 5/5
  2397 | D:4      | Found an iron altar of Okawaru.
  2398 | D:4      | Found a shattered altar of Ashenzari.
  2400 | D:4      | Found a bloodstained altar of Trog.
  2400 | D:4      | Found a basalt altar of Yredelemnul.
  2400 | D:4      | Found a sparkling altar of Nemelex Xobeh.
  2415 | D:4      | Became a worshipper of Warmaster Okawaru
  2481 | D:4      | Found a glowing silver altar of Zin.
  2481 | D:4      | Found a burning altar of Makhleb.
  2482 | D:4      | Noticed a green death
  2482 | D:4      | Noticed an angel
  2674 | D:4      | Reached skill level 5 in Unarmed Combat
  2674 | D:4      | Reached XP level 7. HP: 39/71 MP: 6/6
  2850 | D:5      | Entered Level 5 of the Dungeon
  2900 | D:5      | Reached skill level 5 in Fighting
  2925 | D:5      | Reached * piety under Okawaru
  2996 | D:5      | Found a glowing drain.
  3066 | Sewer    | Entered a sewer
  3445 | Sewer    | Reached skill level 6 in Unarmed Combat
  3617 | D:5      | Reached XP level 8. HP: 45/81 MP: 7/7
  4206 | D:5      | Reached skill level 7 in Unarmed Combat
  4290 | D:6      | Reached ** piety under Okawaru
  4649 | D:6      | Found a staircase to the Ecumenical Temple.
  4841 | D:7      | Found a glowing golden altar of the Shining One.
  4850 | D:7      | Reached XP level 9. HP: 59/92 MP: 8/8
  4858 | D:7      | Reached skill level 1 in Armour
  4919 | D:7      | Reached skill level 8 in Unarmed Combat
  5040 | D:7      | Reached *** piety under Okawaru
  5201 | D:7      | Got a fine ruby amulet
  5202 | D:7      | Identified the amulet "Waleol" {Spirit rC++ MP+9} (You found it on level 7 of the Dungeon)
  5473 | D:8      | Found Rilobb's Book Shoppe.
  5539 | D:8      | Noticed a troll
  5570 | D:8      | Reached skill level 9 in Unarmed Combat
  5661 | D:8      | Noticed a death yak
  5676 | D:8      | Killed a death yak
  5676 | D:8      | Reached **** piety under Okawaru
  5676 | D:8      | Reached XP level 10. HP: 66/104 MP: 9/9
  5716 | D:8      | Reached skill level 1 in Invocations
  5850 | D:8      | Reached ***** piety under Okawaru
  5876 | D:8      | Reached skill level 10 in Unarmed Combat
  6129 | D:8      | Received a gift from Okawaru
  6396 | D:8      | Found a staircase to the Lair.
  7063 | D:9      | Found an ancient bone altar of Kikubaaqudgha.
  7139 | D:9      | Noticed Joseph
  7148 | D:9      | Killed Joseph
  7148 | D:9      | Reached skill level 5 in Invocations
  7148 | D:9      | Reached XP level 11. HP: 111/111 MP: 13/13
  7222 | D:9      | Received a gift from Okawaru
  7263 | D:9      | Got a smoking ruby amulet
  7265 | D:9      | Identified the amulet "Moppy" {RegenMP Str+5 Int-2 Dex+2} (You found it on level 9 of the Dungeon)
  7308 | D:9      | Reached skill level 5 in Throwing
  7320 | D:9      | Reached skill level 11 in Unarmed Combat
  7432 | D:9      | Identified the Tome of Shifting Creation
  7802 | D:10     | Entered Level 10 of the Dungeon
  8043 | D:10     | Reached ****** piety under Okawaru
  8168 | D:10     | Noticed Fannar
  8179 | D:10     | Killed Fannar
  8195 | D:10     | Identified a scroll of acquirement
  8306 | D:10     | Received a gift from Okawaru
  8362 | D:10     | Noticed Ijustatesigmund's ghost (novice TrHu)
  8374 | D:10     | Killed Ijustatesigmund's ghost
  8374 | D:10     | Received a gift from Okawaru
  8598 | D:10     | Noticed Urug
  8614 | D:10     | Killed Urug
  8614 | D:10     | Reached skill level 12 in Unarmed Combat
  8833 | D:11     | Reached XP level 12. HP: 119/119 MP: 16/16
  9282 | D:11     | Reached skill level 5 in Dodging
  9679 | D:11     | Found a staircase to the Orcish Mines.
  9766 | Orc:1    | Entered Level 1 of the Orcish Mines
  9815 | Orc:1    | Received a gift from Okawaru
  9818 | Orc:1    | Noticed an orc high priest
  9825 | Orc:1    | Noticed Erica
  9832 | Orc:1    | Killed an orc high priest
  9875 | D:12     | Noticed a war gargoyle
 10090 | D:12     | Found Bioqul's Weapon Emporium.
 10146 | D:12     | Noticed namelastname112's ghost (journeyman VSAs)
 10155 | D:12     | Killed namelastname112's ghost
 10348 | D:12     | Noticed Gastronok
 10353 | D:12     | Noticed Kirke
 10367 | D:12     | Killed Gastronok
 10367 | D:12     | Received a gift from Okawaru
 10367 | D:12     | Reached skill level 13 in Unarmed Combat
 10597 | D:13     | Noticed Rupert
 10654 | D:12     | Killed Kirke
 10815 | D:12     | Killed a war gargoyle
 10815 | D:12     | Reached XP level 13. HP: 102/127 MP: 17/17
 10824 | D:12     | Reached skill level 14 in Unarmed Combat
 11018 | D:12     | Noticed Sonja
 11036 | D:12     | Killed Sonja
 11187 | D:13     | Killed Rupert
 11188 | D:13     | Received a gift from Okawaru
 11276 | D:13     | Found a gate to the Vaults.
 11283 | D:13     | Received a gift from Okawaru
 11499 | Lair:1   | Entered Level 1 of the Lair of Beasts
 11509 | Lair:1   | Learned a level 3 spell: Inner Flame
 11828 | Lair:1   | Reached skill level 1 in Fire Magic
 11892 | Lair:1   | Reached skill level 15 in Unarmed Combat
 12536 | Lair:1   | Received a gift from Okawaru
 13456 | Lair:3   | Found a staircase to the Shoals.
 13615 | Lair:3   | Reached skill level 1 in Maces & Flails
 13661 | Lair:3   | Reached XP level 14. HP: 124/137 MP: 18/18
 14448 | Lair:4   | Reached skill level 5 in Maces & Flails
 14464 | Lair:4   | Received a gift from Okawaru
 15776 | Lair:5   | Reached skill level 5 in Fire Magic
 16346 | Lair:5   | You fall through a shaft for 3 floors!
 16346 | Lair:8   | Entered Level 8 of the Lair of Beasts
 16441 | Lair:8   | Found a sacrificial altar of Ru.
 16795 | Lair:8   | Received a gift from Okawaru
 17328 | Lair:8   | Found a burning altar of Makhleb.
 17336 | Lair:8   | Reached skill level 5 in Armour
 17342 | Lair:8   | Reached XP level 15. HP: 126/148 MP: 16/19
 17373 | Lair:8   | Found a gateway to Hell.
 17794 | Lair:7   | Found a viscous altar of Jiyva.
 17794 | Lair:7   | Found a staircase to the Slime Pits.
 17798 | Lair:7   | Found a labyrinth entrance.
 17807 | Lab      | Entered a labyrinth
 18183 | Lab      | Learned a level 1 spell: Summon Butterflies
 18443 | Lair:7   | Reached skill level 10 in Fighting
 19243 | Lair:6   | Found a staircase to the Snake Pit.
 19554 | Lair:6   | Received a gift from Okawaru
 20124 | Lair:1   | Learned a level 1 spell: Apportation
 20128 | Lair:1   | Learned a level 3 spell: Conjure Flame
 20133 | Lair:1   | Identified a -1 rod of inaccuracy (9/9) (You found it in a labyrinth)
 20244 | Snake:1  | Entered Level 1 of the Snake Pit
 20501 | Snake:1  | Found a radiant altar of Vehumet.
 20847 | Snake:1  | Reached skill level 1 in Conjurations
 20847 | Snake:1  | Reached skill level 1 in Hexes
 20847 | Snake:1  | Reached skill level 1 in Summonings
 20847 | Snake:1  | Reached skill level 1 in Translocations
 21101 | Snake:2  | Noticed Roxanne
 21115 | Snake:2  | Killed Roxanne
 21138 | Snake:2  | Noticed a greater naga
 21416 | Snake:2  | Killed from afar by a shock serpent

Vault maps used:
D:1:      dpeg_arrival_houses_and_road
D:2:      serial_bayou_pond_e, uniq_crazy_yiuf_cottage, uniq_natasha,
          uniq_sigmund
D:3:      first_bread, minmay_ruptured
D:4:      grunt_temple_overflow_order_and_chaos_2, grunt_temple_overflow_open
D:5:      corexii_shack_village, gup_sewer_entry_pipe
D:6:      minmay_temple_entry_butterflies
D:7:      basic_altar
D:8:      erik_lair_island, serial_shops, shop, serial_ice, serial_ice_c,
          serial_ice_f, serial_ice_j, serial_ice_m, serial_ice_d, serial_ice_n,
          serial_ice_o, serial_ice_b, serial_ice_e, serial_ice_a
D:9:      wad_guarded_room, nicolae_overflow_hidden_temple, uniq_joseph
D:10:     uniq_fannar, uniq_urug
D:11:     hiddenorc2_lemuel, hangedman_tell_no_tales, serial_bayou_lake_a
D:12:     gargoyle_guard, serial_shops, shop, uniq_kirke, uniq_gastronok,
          uniq_sonja
D:13:     david_vaults_2, patterned_corridor, uniq_rupert, uniq_azrael
Lair:1:   beast_lair_carwin_large_4, infiniplex_staircase_pool_2,
          grunt_megastairs_5
Lair:3:   minmay_shoals_entry_beasts, minivault_25, lemuel_fruit_tree
Lair:5:   ldierk_geyser, lemuel_fruit_fields, lemuel_fruit_fields,
          infiniplex_staircase_pool
Lair:6:   minmay_snake_entry_guardpost_small, serial_bayou_shore_a
Lair:7:   slime_altar_1, lab_entry_generic, minivault_19
Lair:8:   evil_forest, basic_altar, st_stairs_9
Snake:1:  basic_altar
Snake:2:  serial_shops, shop, grunt_megastairs_3, uniq_roxanne
Orc:1:    uniq_josephine, uniq_erica
Lab:      labyrinth_spiral, nicolae_lab_do_over, nicolae_lab_arrow,
          nicolae_lab_blocks, nicolae_lab_very_dead_end, lab_statue,
          labyrinth_glass_1
Sewer:    sewer_co_15_rooms

Skill      XL: |  1  2  3  4  5  6  7  8  9 10 11 12 13 14 15 |
---------------+----------------------------------------------+-----
Fighting       | 2 3 4 5 6 8 9 10 | 10.4
Unarmed Combat | 3 4 5 6 7 9 10 12 13 15 | 15.4
Dodging        | 3 4 8 |  8.2
Armour         | 4 5 6 |  6.8
Invocations    | 5 7 |  7.0
Throwing       | 4 6 7 |  7.8
Fire Magic     | 3 9 |  9.4
Maces & Flails | 2 6 |  6.2
Conjurations   | 1 |  1.9
Hexes          | 1 |  1.7
Summonings     | 2 |  2.0
Translocations | 1 |  1.8
Stealth        | |  0.4

Action                   |  1- 3 |  4- 6 |  7- 9 | 10-12 | 13-15 || total
-------------------------+-------+-------+-------+-------+-------++-------
Melee: Unarmed           |    54 |   146 |   394 |   686 |  1254 ||  2534
       Short sword       |     4 |       |       |       |       ||     4
       Punch             |       |     3 |    13 |    43 |   154 ||   213
Throw: Large rock        |     2 |     2 |     4 |     7 |    34 ||    49
       Throwing net      |       |       |       |     1 |       ||     1
       Javelin           |       |       |       |    11 |       ||    11
Invok: Heroism           |       |       |     1 |    10 |    15 ||    26
       Finesse           |       |       |       |     1 |     3 ||     4
  Use: Scroll            |       |    15 |     6 |    19 |    16 ||    56
       Potion            |       |     2 |       |     1 |     4 ||     7
 Stab: Sleeping          |     2 |     1 |     1 |       |       ||     4
       Invisible         |       |     1 |       |       |       ||     1
       Held in net/web   |       |       |       |     1 |       ||     1
  Eat: Chunk             |     7 |    17 |    29 |    61 |    97 ||   211
       Fruit             |       |       |       |       |     6 ||     6
       Pizza             |       |       |       |       |     1 ||     1
       Beef jerky        |       |       |       |       |     1 ||     1
Armor: Robe              |    23 |    57 |    61 |       |       ||   141
       Ice dragon armour |       |       |   151 |   423 |   578 ||  1152
       Skin              |       |       |     1 |       |       ||     1
Dodge: Dodged            |    21 |    93 |   174 |   384 |   676 ||  1348
